 Dungeon Crawl Stone Soup version 0.22.0-75-g3901e7991e (webtiles) character file.

5203 dmonster the Carver (level 10, -1/63 HPs)
             Began as a Demonspawn Monk on Sept 12, 2018.
             Was a High Priest of Hepliaklqana.
             Slain by a killer bee (4 damage)
             ... on level 10 of the Dungeon.
             The game lasted 00:20:43 (11156 turns).

dmonster the Carver (Demonspawn Monk)              Turns: 11156, Time: 00:20:44

Health: -1/63      AC: 10    Str: 18    XL:     10   Next: 34%
Magic:  0/10       EV:  8    Int: 12    God:    Hepliaklqana [*****.]
Gold:   490        SH:  0    Dex: 15    Spells: 9/9 levels left

rFire    + . .     SeeInvis .   Q - +2 great sword
rCold    . . .     Gourm    .   (shield currently unavailable)
rNeg     . . .     Faith    .   O - +0 chain mail {rF+}
rPois    .         Spirit   +   (helmet restricted)
rElec    .         Reflect  .   G - +0 cloak
rCorr    +         Harm     .   F - +0 pair of gloves
MR       .....                  (no boots)
Stlth    ..........             j - amulet of rage
HPRegen  0.20/turn              g - +3 ring of strength
MPRegen  0.12/turn              n - ring of resist corrosion

@: lethally poisoned (-1 -> -27)
A: reduced essence, claws 1, hooves 2, horns 1, nightstalker 1, magic shield
a: Recall Ancestor, Ancestor Identity, Transference, Idealise, Renounce
Religion, Evoke Berserk Rage


You were on level 10 of the Dungeon.
You worshipped Hepliaklqana.
Hepliaklqana was extremely pleased with you.
You were hungry.

You visited 2 branches of the dungeon, and saw 11 of its levels.

You collected 490 gold pieces.

Inventory:

Hand Weapons
 B - a +0 blowgun
 Q - a +2 great sword (weapon)
Missiles
 d - 406 stones (quivered)
 C - 26 poisoned needles
 D - 4 tomahawks of returning
Armour
 k - a +0 ring mail
 F - a +0 pair of gloves (worn)
 G - a +0 cloak (worn)
 O - a +0 chain mail of fire resistance (worn)
Jewellery
 g - a +3 ring of strength (left hand)
 j - an amulet of rage (around neck)
 n - a ring of resist corrosion (right hand)
 y - an uncursed ring of protection from magic {unknown}
 A - an uncursed ring of protection from magic {unknown}
 M - a cursed amulet of inaccuracy {unknown}
 P - an uncursed ring of magical power {unknown}
Wands
 a - a wand of flame (68)
 u - a wand of iceblast (12)
 H - a wand of polymorph (9)
Scrolls
 b - 4 scrolls of blinking {unknown}
 f - 11 scrolls of identify
 h - 2 scrolls of amnesia {unknown}
 m - 2 scrolls of enchant armour {unknown}
 r - 2 scrolls of fear {unknown}
 s - 7 scrolls of remove curse
 t - a scroll of fog {unknown}
 x - 4 scrolls of teleportation {unknown}
 I - a scroll of random uselessness {unknown}
 J - a scroll of enchant weapon {unknown}
 N - a scroll of torment {unknown}
Potions
 e - 3 potions of resistance
 i - 2 potions of might {unknown}
 l - 3 potions of brilliance
 o - 2 potions of mutation {unknown}
 p - 4 potions of curing
 q - 4 potions of lignification {unknown}
 v - a potion of degeneration {unknown}
 w - 2 potions of berserk rage {unknown}
 z - a potion of haste
 E - a potion of cancellation {unknown}
 K - a potion of flight {unknown}
Comestibles
 c - 22 rations


   Skills:
 - Level 3.0 Fighting
 + Level 13.7 Long Blades
 - Level 1.6 Armour
 - Level 2.6 Dodging
 - Level 1.7 Stealth


You had 9 spell levels left.
You didn't know any spells.
Your spell library contained the following spells:

 Spells                   Type           Power        Failure   Level  Hunger
 Shock                    Conj/Air       #...         99%         1    ##.....
 Swiftness                Chrm/Air       #.......     100%        2    ###....
 Static Discharge         Conj/Air       #.......     100%        3    ####...
 Airstrike                Air            #.........   100%        4    #####..
 Lightning Bolt           Conj/Air       #.........   100%        5    ######.


Dungeon Overview and Level Annotations

Branches:
Dungeon (10/15)            Temple (1/1) D:4
   Lair: D:8-11         Orc: D:9-12

Altars:
Ashenzari
Cheibriados
Dithmenos
Elyvilon
Fedhas
Gozag
Hepliaklqana
Makhleb
Nemelex Xobeh
Okawaru
Qazlal
Ru
Sif Muna
Trog
Uskayaw
Vehumet
Wu Jian
Xom
Yredelemnul
Zin
The Shining One

Shops:
D:4 (%%[   D:8 (


Innate Abilities, Weirdness & Mutations

You have sharp fingernails.
You have hoof-like feet.
You have a pair of small horns on your head.
You are slightly more attuned to the shadows.
When hurt, damage is shared between your health and your magic reserves.
Your life essence is reduced to manifest your ancestor. (-10% HP)


Message History

Unknown command.
You miss the killer bee. Your kick misses the killer bee.
* * * LOW HITPOINT WARNING * * *
You feel sick.
The killer bee stings you but does no damage.
The killer bee stings you.
* * * LOW HITPOINT WARNING * * *
The killer bee stings you.
* * * LOW HITPOINT WARNING * * *
The killer bee stings you but does no damage.
* * * LOW HITPOINT WARNING * * *
You feel sick. The killer bee stings you.
* * * LOW HITPOINT WARNING * * *
You are more poisoned.
The killer bee poisons you! The killer bee completely misses you.
You riposte.
You hit the killer bee. Your kick misses the killer bee.
Your headbutt misses the killer bee.
The killer bee is moderately wounded.
The killer bee stings you.
You die...

...... #.....#
...... #.....######
...... #..........#
...... #..........#
......
#..........###......
#..........##@.#
#..>........yy##
#..........).r.....
#..........###.....
#.......)..# .>...
#..........# .....
##........## .....
#..[....... ...
##<..†...#..


You could see a porcupine and 2 killer bees.

Vanquished Creatures
  A hippogriff (D:9)
  A wyvern (D:8)
  A porcupine (D:10)
  2 orc warriors
  An ice beast (D:8)
  2 ogres
  A crocodile (D:10)
  2 big kobolds
  Dowan (D:7)
  A wyvern skeleton (D:10)
  2 scorpions
  4 killer bees
  2 wights
  3 howler monkeys (D:9)
  2 orc priests
  A jelly (D:5)
  A bullfrog skeleton (D:9)
  An iguana (D:8)
  An orc wizard (D:9)
  5 worker ants
  A killer bee zombie (D:9)
  2 hound zombies
  Robin (D:2)
  8 adders
  3 worms (D:3)
  A dart slug (D:1)
  5 leopard geckos
  37 orcs
  2 ball pythons (D:1)
  3 bats
  4 giant cockroaches
  10 goblins
  8 hobgoblins
  11 jackals
  3 quokkas
  A frilled lizard (D:2)
  A jackal zombie (D:5)
  12 kobolds
  4 rats
152 creatures vanquished.

Vanquished Creatures (collateral kills)
  Prince Ribbit (D:7)
  A hippogriff (D:9)
  A water moccasin (D:9)
  Duvessa (D:7)
  A porcupine (D:10)
  An orc warrior (D:9)
  An ice beast (D:5)
  3 sky beasts
  2 ogres (D:7)
  A centaur (D:4)
  A big kobold (D:9)
  4 bullfrogs
  A scorpion (D:10)
  A water moccasin skeleton (D:7)
  2 killer bees (D:9)
  8 wights
  A centaur zombie (D:6)
  3 crimson imps
  4 orc priests
  A bullfrog skeleton (D:4)
  2 hounds
  4 orc wizards
  3 iguanas
  5 worker ants
  4 adders (D:8)
  A worm (D:5)
  A dart slug (D:4)
  A leopard gecko (D:4)
  10 orcs
  7 jackals
  9 kobolds
  A quokka skeleton (D:4)
87 creatures vanquished.

Vanquished Creatures (others)
  3 battlemagi
  4 fungi (D:10)
7 creatures vanquished.

Grand Total: 246 creatures vanquished

Notes
Turn   | Place    | Note
-------+----------+-------------------------------------------
     0 | D:1      | dmonster the Demonspawn Monk began the quest for the Orb.
     0 | D:1      | Reached XP level 1. HP: 18/18 MP: 1/1
   152 | D:1      | Reached skill level 3 in Long Blades
   572 | D:1      | Gained mutation: You have a pair of small horns on your
                  | head. [demonic ancestry]
   572 | D:1      | Reached XP level 2. HP: 23/24 MP: 2/2
  1317 | D:2      | Reached XP level 3. HP: 26/29 MP: 3/3
  1423 | D:2      | Reached skill level 4 in Long Blades
  2192 | D:2      | Reached XP level 4. HP: 35/35 MP: 4/4
  2233 | D:2      | Noticed Robin
  2252 | D:2      | Killed Robin
  2758 | D:3      | Noticed a phantom
  2990 | D:3      | Reached skill level 5 in Long Blades
  3616 | D:3      | Gained mutation: You are slightly more attuned to the
                  | shadows. [demonic ancestry]
  3616 | D:3      | Reached XP level 5. HP: 38/41 MP: 5/5
  3788 | D:4      | Found Lebiff's Food Shoppe.
  3800 | D:4      | Found Foacepeo's Food Shoppe.
  4136 | D:4      | Found a staircase to the Ecumenical Temple.
  4148 | Temple   | Entered the Ecumenical Temple
  4224 | Temple   | Became a worshipper of Hepliaklqana the Forgotten
  4224 | Temple   | Reached * piety under Hepliaklqana
  4224 | Temple   | Reached ** piety under Hepliaklqana
  4225 | Temple   | Remembered your ancestor Nozipho as a battlemage
  4405 | D:4      | Found Qozyhai's Antique Armour Shop.
  4467 | D:4      | Reached skill level 6 in Long Blades
  4584 | D:4      | Gained mutation: When hurt, damage is shared between your
                  | health and your magic reserves. [demonic ancestry]
  4584 | D:4      | Reached XP level 6. HP: 38/42 MP: 6/6
  4634 | D:4      | Found Acour's Weapon Boutique.
  4645 | D:4      | Found a glowing golden altar of the Shining One.
  5263 | D:5      | Entered Level 5 of the Dungeon
  5351 | D:5      | Reached skill level 7 in Long Blades
  5655 | D:5      | Noticed an ice beast
  5658 | D:5      | Killed an ice beast
  5658 | D:5      | Gained mutation: You have large cloven feet. [demonic
                  | ancestry]
  5658 | D:5      | Reached XP level 7. HP: 15/46 MP: 3/7
  6257 | D:6      | Reached *** piety under Hepliaklqana
  6284 | D:6      | Reached skill level 8 in Long Blades
  7042 | D:7      | Noticed Duvessa
  7063 | D:7      | Killed Duvessa
  7063 | D:7      | Reached skill level 9 in Long Blades
  7063 | D:7      | Gained mutation: You have sharp fingernails. [demonic
                  | ancestry]
  7063 | D:7      | Reached XP level 8. HP: 52/52 MP: 8/8
  7066 | D:7      | Noticed Dowan
  7077 | D:7      | Killed Dowan
  7495 | D:7      | Noticed Prince Ribbit
  7508 | D:7      | Killed Prince Ribbit
  7508 | D:7      | Reached skill level 10 in Long Blades
  7788 | D:7      | Reached skill level 1 in Armour
  7816 | D:7      | Found a blossoming altar of Fedhas.
  7817 | D:7      | Found an ornate altar of the Wu Jian Council.
  8183 | D:7      | Reached XP level 9. HP: 46/56 MP: 7/9
  8361 | D:7      | Found a burning altar of Makhleb.
  8362 | D:7      | Found a shimmering altar of Xom.
  8427 | D:8      | Reached **** piety under Hepliaklqana
  8430 | D:8      | Reached skill level 11 in Long Blades
  8528 | D:8      | Found Fuak's Weapon Shop.
  9152 | D:8      | Reached skill level 12 in Long Blades
  9534 | D:9      | Reached ***** piety under Hepliaklqana
 10023 | D:9      | Gained mutation: You have hoof-like feet. [demonic
                  | ancestry]
 10023 | D:9      | Reached XP level 10. HP: 41/63 MP: 5/10
 10398 | D:10     | Entered Level 10 of the Dungeon
 10411 | D:9      | Reached skill level 13 in Long Blades
 11156 | D:10     | HP: 3/63 [killer bee (4)]
 11156 | D:10     | Slain by a killer bee

Skill      XL: |  1  2  3  4  5  6  7  8  9 10 |
---------------+-------------------------------+-----
Long Blades    | 3 4 5 6 7 9 10 12 13 | 13.7
Armour         | 1 |  1.6
Fighting       | |  3.0
Dodging        | |  2.6
Stealth        | |  1.7

Action                   |  1- 3 |  4- 6 |  7- 9 | 10-12 || total
-------------------------+-------+-------+-------+-------++-------
Melee: Falchion          |   104 |   153 |    22 |       ||   279
       Headbutt          |    12 |    39 |    62 |     7 ||   120
       Long sword        |       |       |   126 |       ||   126
       Scimitar          |       |       |   110 |       ||   110
       Great sword       |       |       |    22 |    45 ||    67
       Kick              |       |       |       |    20 ||    20
 Fire: Blowgun           |       |     2 |     4 |       ||     6
Throw: Stone             |    13 |    29 |     3 |       ||    45
Invok: Ancestor Life: Ba |       |     1 |       |       ||     1
       Recall Ancestor   |       |       |     1 |     1 ||     2
  Use: Scroll            |     2 |       |       |       ||     2
       Potion            |       |     2 |       |     1 ||     3
 Stab: Sleeping          |     1 |     7 |     6 |       ||    14
       Distracted        |       |       |     1 |       ||     1
  Eat: Chunk             |     4 |    11 |    14 |     3 ||    32
Armor: Leather armour    |     2 |       |       |       ||     2
       Ring mail         |    13 |    43 |    39 |       ||    95
       Chain mail        |       |       |    85 |    63 ||   148
Dodge: Dodged            |    66 |    93 |   131 |    36 ||   326
       Rpst.: Falchion   |    17 |    22 |     2 |       ||    41
       Long sword        |       |       |    14 |       ||    14
       Scimitar          |       |       |    12 |       ||    12
       Great sword       |       |       |     2 |    14 ||    16
